 Dungeon Crawl Stone Soup version 0.24.0-2-g5b39cebb1c (webtiles) character file.

Game seed: 4232025357583200544, levelgen mode: deterministic

12115 xccam the Protected (level 11, -2/77 HPs)
             Began as a Gnoll Wanderer on Oct 30, 2019.
             Was a High Priest of Ru.
             Hit by a large rock thrown by a cyclops (37 damage)
             ... on level 12 of the Dungeon.
             The game lasted 00:40:49 (14314 turns).

xccam the Protected (Gnoll Wanderer)               Turns: 14314, Time: 00:40:50

Health: -2/77      AC: 17    Str: 18    XL:     11   Next: 88%
Magic:  20/20      EV:  9    Int: 13    God:    Ru [*****.]
Gold:   8          SH:  8    Dex: 20    Spells: 23/23 levels left

rFire    . . .     SeeInvis .   a - +0 broad axe (elec)
rCold    . . .     Gourm    .   A - +0 buckler
rNeg     . . .     Faith    .   c - +3 scale mail
rPois    .         Spirit   .   (no helmet)
rElec    .         Reflect  +   T - -2 cloak (curse)
rCorr    +         Harm     .   f - +2 pair of gloves
MR       .....                  v - +1 pair of boots "Sooh Ketz" {+Blink Dex+4 Stlth-}
Stlth    +.........             G - +2 amulet of reflection
HPRegen  0.22/turn              R - ring of resist corrosion
MPRegen  0.17/turn              (no ring)

@: lightly drained
A: distributed training, fangs 1, frail 1, inability to use devices, inability
to train dodging, strong nose
a: Draw Out Power, Power Leap, Apocalypse, Renounce Religion


You were on level 12 of the Dungeon.
You worshipped Ru.
Ru was extremely pleased with you.
You were not hungry.

You visited 2 branches of the dungeon, and saw 13 of its levels.
You visited 1 bazaar.
You also visited: Sewer and Ossuary.

You collected 578 gold pieces.
You spent 570 gold pieces at shops.

Inventory:

Hand Weapons
 a - a +0 broad axe of electrocution (weapon)
 b - a +4 hand crossbow of flaming
 U - the +5 flail of Battle {venom, Dex+3}
   (You found it on level 10 of the Dungeon)

   It poisons the flesh of those it strikes.
   It affects your dexterity (+3).
Missiles
 i - 57 bolts
Armour
 c - a +3 scale mail (worn)
 f - a +2 pair of gloves (worn)
 u - a +0 shield
 v - the +1 pair of boots "Sooh Ketz" (worn) {+Blink Dex+4 Stlth-}
   (You bought it in a shop in a bazaar)

   It affects your dexterity (+4).
   It lets you blink.
   It makes you less stealthy.
 A - a +0 buckler (worn)
 F - a +0 plate armour
 T - a cursed -2 cloak (worn)
Jewellery
 t - an uncursed amulet of the acrobat
 G - a +2 amulet of reflection (around neck)
 R - a ring of resist corrosion (left hand)
Scrolls
 g - 5 scrolls of fear
 k - 7 scrolls of remove curse
 m - 3 scrolls of magic mapping
 n - 6 scrolls of teleportation
 p - a scroll of identify
 r - 3 scrolls of enchant armour
 w - 3 scrolls of fog
 C - a scroll of amnesia
 E - a scroll of noise
 K - a scroll of torment
Potions
 e - a potion of ambrosia
 h - 2 potions of flight
 j - 3 potions of brilliance
 l - 3 potions of agility
 o - 4 potions of might
 q - 8 potions of curing
 s - 2 potions of magic
 x - 2 potions of cancellation
 B - 2 potions of haste
Comestibles
 d - 14 rations
 z - 6 chunks of flesh


   Skills:
 + Level 8.1(7.8) Fighting
 + Level 6.6(6.3) Short Blades
 + Level 6.6(6.3) Long Blades
 + Level 6.6(6.3) Axes
 + Level 6.6(6.3) Maces & Flails
 + Level 6.6(6.3) Polearms
 + Level 6.6(6.3) Staves
 + Level 6.6(6.3) Slings
 + Level 6.6(6.3) Bows
 + Level 6.6(6.3) Crossbows
 + Level 7.1(6.8) Throwing
 + Level 10.7(10.3) Armour
   Level 0.0 Dodging
 + Level 7.0(6.7) Stealth
 + Level 6.6(6.3) Shields
 + Level 6.6(6.3) Unarmed Combat
 + Level 6.6(6.3) Spellcasting
 + Level 5.4(5.1) Conjurations
 + Level 5.4(5.1) Hexes
 + Level 5.4(5.1) Charms
 + Level 5.4(5.1) Summonings
 + Level 5.4(5.1) Necromancy
 + Level 5.4(5.1) Translocations
 + Level 5.4(5.1) Transmutations
 + Level 5.4(5.1) Fire Magic
 + Level 5.4(5.1) Ice Magic
 + Level 5.4(5.1) Air Magic
 + Level 5.4(5.1) Earth Magic
 + Level 5.4(5.1) Poison Magic
   Level 7.2(6.9) Invocations
   Level 0.0 Evocations


You had 23 spell levels left.
You didn't know any spells.
Your spell library contained the following spells:

 Spells                   Type           Power        Failure   Level  Hunger
 Animate Skeleton         Necr           N/A          4%          1    None
 Apportation              Tloc           ###...       4%          1    None
 Beastly Appendage        Tmut           ###...       4%          1    None
 Confusing Touch          Hex            ###...       4%          1    None
 Corona                   Hex            ###....      4%          1    None
 Summon Small Mammal      Summ           ###.         4%          1    None
 Ensorcelled Hibernation  Hex/Ice        ###...       8%          2    #......
 Sticks to Snakes         Tmut           ###.....     8%          2    #......
 Confuse                  Hex            ###.....     14%         3    ###....
 Dazzling Spray           Conj/Hex       ###...       14%         3    ###....
 Spider Form              Tmut/Pois      ###.......   14%         3    ###....
 Tukima's Dance           Hex            ###.....     14%         3    ###....
 Ice Form                 Ice/Tmut       ###.....     43%         4    ####...
 Blade Hands              Tmut           ###.......   80%         5    ######.


Dungeon Overview and Level Annotations

Branches:
Dungeon (12/15)            Temple (1/1) D:5            Lair (0/6) D:9
  Sewer (visited)         Ossuary (visited)
    Orc: D:9-12

Altars:
Ashenzari
Cheibriados
Dithmenos
Elyvilon
Fedhas
Gozag
Hepliaklqana
Makhleb
Okawaru
Qazlal
Ru
Uskayaw
Vehumet
Wu Jian
Xom
Yredelemnul
Zin


Innate Abilities, Weirdness & Mutations

Your experience applies equally to all skills.
You have very sharp teeth.
You are frail. (-10% HP)
You cannot study or use magical devices.
You cannot train Dodging skill.
Your uncanny sense of smell can sniff out nearby items.


Message History

The helpless orc warrior fails to defend itself.
You hit the orc warrior.
Lightning courses through the orc warrior!!
You kill the orc warrior!
You slash the orc priest! You slash the orc wizard!
Lightning courses through the orc wizard!!
You kill the orc wizard!
An orc comes into view.
The orc priest invokes the aid of Beogh against you.
You struggle to resist.
Unknown command.
You barely miss the orc priest.
The orc shouts!
You bite the orc priest.
The orc priest is severely wounded.
You hear a shout!
The orc priest hits you with a +0 dagger.
You focus your will and blind the orc priest in retribution!
The cyclops throws a large rock.
The large rock hits you!!!
You die...

################
.?......##.....#
........##.....####
......).##.........
).oC..)@.......#
....[#o)#...(..#
... #..##.#.### .
....##.#.#
#######.#.# #.#.#
#.#.# #.#.#
#####.#.###.


You could see a cyclops, an orc priest (blind) and an orc.

Vanquished Creatures
  A two-headed ogre (D:8)
  An unseen horror (D:11)
  A centaur zombie (D:10)
  A troll (D:11)
  2 hippogriffs
  A spriggan (D:7)
  A wyvern (D:9)
  A wraith (D:11)
  Sigmund (D:6)
  14 yaks
  2 basilisks (D:9)
  A hungry ghost (D:8)
  3 ice beasts
  5 orc warriors
  An eye of draining (D:10)
  5 phantoms
  4 sky beasts
  4 ogres
  3 crocodiles
  5 centaurs
  7 big kobolds
  2 elf zombies (Ossuary)
  6 bullfrogs
  3 scorpions
  4 howler monkeys
  5 wights (D:10)
  2 jellies
  3 bullfrog zombies
  11 crimson imps
  2 quasits
  10 orc priests
  10 hounds
  2 human zombies (Ossuary)
  8 orc wizards
  6 bullfrog skeletons
  A gnoll shaman (D:9)
  5 iguanas
  9 worker ants
  A killer bee zombie (D:8)
  4 big kobold zombies (Ossuary)
  3 mummies (Ossuary)
  15 gnolls
  5 river rats
  16 adders
  2 oozes (Sewer)
  4 adder zombies
  An adder skeleton (D:6)
  12 worms
  A dart slug (D:2)
  9 leopard geckos
  31 orcs
  4 bats
  2 giant cockroaches (D:3)
  3 gnoll zombies (Ossuary)
  8 hobgoblins
  16 jackals
  3 quokkas
  6 ball pythons
  A goblin (D:3)
  3 goblin zombies (Ossuary)
  2 hobgoblin zombies (Ossuary)
  3 jackal zombies (Ossuary)
  16 kobolds
  4 kobold zombies (Ossuary)
  3 leopard gecko zombies
  2 orc zombies (Ossuary)
  4 quokka zombies
  9 rats
  4 rat zombies (Ossuary)
350 creatures vanquished.

Vanquished Creatures (others)
  A manticore (D:12)
  A kobold demonologist (D:12)
  A gnoll (D:9)
  2 fungi (D:9)
  A plant (D:9)
6 creatures vanquished.

Grand Total: 356 creatures vanquished

Notes
Turn   | Place    | Note
-------+----------+-------------------------------------------
     0 | D:1      | xccam the Gnoll Wanderer began the quest for the Orb.
     0 | D:1      | xccam set off with the following items: a +0 spear, a
                  | potion of curing, a +2 scale mail, a ration
     0 | D:1      | Reached XP level 1. HP: 20/20 MP: 2/2
   381 | D:1      | Reached XP level 2. HP: 22/26 MP: 3/3
   459 | D:2      | Found a hazy altar of Hepliaklqana.
   535 | D:1      | Reached XP level 3. HP: 25/31 MP: 4/4
   684 | D:1      | Reached skill level 1 in Invocations
   693 | D:2      | Reached skill level 1 in Short Blades
   693 | D:2      | Reached skill level 1 in Long Blades
   693 | D:2      | Reached skill level 1 in Axes
   693 | D:2      | Reached skill level 1 in Maces & Flails
   693 | D:2      | Reached skill level 1 in Polearms
   693 | D:2      | Reached skill level 1 in Staves
   693 | D:2      | Reached skill level 1 in Slings
   693 | D:2      | Reached skill level 1 in Bows
   693 | D:2      | Reached skill level 1 in Crossbows
   693 | D:2      | Reached skill level 1 in Shields
   693 | D:2      | Reached skill level 1 in Unarmed Combat
   693 | D:2      | Reached skill level 1 in Spellcasting
   711 | D:2      | Reached XP level 4. HP: 25/38 MP: 6/6
   749 | D:2      | Found a basalt altar of Yredelemnul.
  1046 | D:2      | Reached skill level 1 in Conjurations
  1046 | D:2      | Reached skill level 1 in Hexes
  1046 | D:2      | Reached skill level 1 in Charms
  1046 | D:2      | Reached skill level 1 in Summonings
  1046 | D:2      | Reached skill level 1 in Necromancy
  1046 | D:2      | Reached skill level 1 in Translocations
  1046 | D:2      | Reached skill level 1 in Transmutations
  1046 | D:2      | Reached skill level 1 in Fire Magic
  1046 | D:2      | Reached skill level 1 in Ice Magic
  1046 | D:2      | Reached skill level 1 in Air Magic
  1046 | D:2      | Reached skill level 1 in Earth Magic
  1046 | D:2      | Reached skill level 1 in Poison Magic
  1355 | D:2      | Found a faded altar of an unknown god.
  1449 | D:2      | Became a worshipper of Elyvilon the Healer
  1449 | D:2      | Reached * piety under Elyvilon
  1634 | D:3      | Reached XP level 5. HP: 38/43 MP: 7/7
  2065 | D:3      | Found a glowing drain.
  2072 | Sewer    | Entered a sewer
  2237 | Sewer    | Noticed a big kobold
  2237 | Sewer    | Noticed a big kobold
  2282 | Sewer    | Killed a big kobold
  2282 | Sewer    | Reached XP level 6. HP: 40/50 MP: 8/8
  2305 | Sewer    | Reached skill level 5 in Fighting
  2859 | Sewer    | Reached XP level 7. HP: 52/56 MP: 10/10
  3452 | D:3      | You fall into a shaft and drop 1 floor!
  3464 | D:4      | Found a sand-covered staircase.
  3471 | Ossuary  | Entered an ossuary
  3502 | Ossuary  | Reached skill level 9 in Armour
  3547 | Ossuary  | Reached ** piety under Elyvilon
  3968 | Ossuary  | Reached XP level 8. HP: 47/63 MP: 12/12
  4762 | D:3      | Found a radiant altar of Vehumet.
  4762 | D:3      | Found an ornate altar of the Wu Jian Council.
  5386 | D:5      | Entered Level 5 of the Dungeon
  5449 | D:5      | Reached *** piety under Elyvilon
  5748 | D:5      | Found a staircase to the Ecumenical Temple.
  5794 | Temple   | Entered the Ecumenical Temple
  5852 | Temple   | Fell from the grace of Elyvilon
  5852 | Temple   | Became a worshipper of Ru the Awakened
  5957 | D:5      | Found a snail-covered altar of Cheibriados.
  6444 | D:6      | Reached XP level 9. HP: 69/69 MP: 14/14
  6444 | D:6      | Noticed Sigmund
  6467 | D:6      | Killed Sigmund
  7168 | D:6      | Reached skill level 5 in Throwing
  7168 | D:6      | Reached skill level 5 in Dodging
  7168 | D:6      | Reached skill level 5 in Evocations
  7550 | D:5      | Reached skill level 5 in Stealth
  7718 | D:7      | Gained mutation: You are frail. (-10% HP) [Ru sacrifice]
  7718 | D:7      | Reached * piety under Ru
  7718 | D:7      | Reached ** piety under Ru
  7919 | D:7      | Reached skill level 5 in Invocations
  8179 | D:7      | Reached XP level 10. HP: 49/69 MP: 15/17
  9020 | D:8      | Found a burning altar of Makhleb.
  9048 | D:8      | Reached skill level 5 in Short Blades
  9048 | D:8      | Reached skill level 5 in Long Blades
  9048 | D:8      | Reached skill level 5 in Axes
  9048 | D:8      | Reached skill level 5 in Maces & Flails
  9048 | D:8      | Reached skill level 5 in Polearms
  9048 | D:8      | Reached skill level 5 in Staves
  9048 | D:8      | Reached skill level 5 in Slings
  9048 | D:8      | Reached skill level 5 in Bows
  9048 | D:8      | Reached skill level 5 in Crossbows
  9048 | D:8      | Reached skill level 5 in Shields
  9048 | D:8      | Reached skill level 5 in Unarmed Combat
  9048 | D:8      | Reached skill level 5 in Spellcasting
  9088 | D:8      | Found a blossoming altar of Fedhas.
  9155 | D:8      | Noticed a two-headed ogre
  9162 | D:8      | Killed a two-headed ogre
  9162 | D:8      | Reached skill level 10 in Armour
  9732 | D:9      | Gained mutation: You cannot train Dodging skill. [Ru
                  | sacrifice]
  9732 | D:9      | Reached *** piety under Ru
 10038 | D:9      | Reached XP level 11. HP: 41/75 MP: 19/19
 11015 | D:9      | Found a staircase to the Lair.
 11219 | D:9      | Found a hide-covered altar of Uskayaw.
 11350 | D:10     | Entered Level 10 of the Dungeon
 11425 | D:9      | Reached skill level 5 in Conjurations
 11425 | D:9      | Reached skill level 5 in Hexes
 11425 | D:9      | Reached skill level 5 in Charms
 11425 | D:9      | Reached skill level 5 in Summonings
 11425 | D:9      | Reached skill level 5 in Necromancy
 11425 | D:9      | Reached skill level 5 in Translocations
 11425 | D:9      | Reached skill level 5 in Transmutations
 11425 | D:9      | Reached skill level 5 in Fire Magic
 11425 | D:9      | Reached skill level 5 in Ice Magic
 11425 | D:9      | Reached skill level 5 in Air Magic
 11425 | D:9      | Reached skill level 5 in Earth Magic
 11425 | D:9      | Reached skill level 5 in Poison Magic
 12767 | D:10     | Got a transparent flail
 12768 | D:10     | Identified the +5 flail of Battle {venom, Dex+3} (You found
                  | it on level 10 of the Dungeon)
 12997 | D:10     | Gained mutation: You cannot study or use magical devices.
                  | [Ru sacrifice]
 12997 | D:10     | Reached **** piety under Ru
 12997 | D:10     | Reached ***** piety under Ru
 13223 | D:11     | Found a flickering gateway to a bazaar.
 13285 | Bazaar   | Entered a bazaar
 13285 | Bazaar   | Found Alaem's Antique Weapon Emporium.
 13285 | Bazaar   | Found Nihunes's Food Shoppe.
 13285 | Bazaar   | Found Refedy's Magic Scroll Emporium.
 13285 | Bazaar   | Found Zaididub's Magic Scroll Emporium.
 13285 | Bazaar   | Found Ocoish's Antique Armour Shoppe.
 13303 | Bazaar   | Bought a scroll of identify for 36 gold pieces
 13315 | Bazaar   | Bought a pair of warped boots for 332 gold pieces
 13320 | Bazaar   | Identified the +1 pair of boots "Sooh Ketz" {+Blink Dex+4
                  | Stlth-} (You bought it in a shop in a bazaar)
 13326 | Bazaar   | Bought a runed hand crossbow for 97 gold pieces
 13326 | Bazaar   | Bought a runed broad axe for 105 gold pieces
 13790 | D:11     | Killed an unseen horror
 14158 | D:12     | Noticed a manticore
 14166 | D:12     | Killed a manticore
 14310 | D:12     | Noticed a cyclops
 14314 | D:12     | Hit by a large rock thrown by a cyclops

Levels and vault maps discovered:
D:1:      dpeg_arrival_fog, layout_basic, hangedman_feature_mirror,
          serial_bayou_pond_e
D:2:      layout_rooms, nicolae_overflow_crystal_walls,
          overflow_temple_1_default, chequers_ecumenical_altar_lobes,
          first_ration
D:3:      layout_loops_ring, gammafunk_temple_overflow_elements,
          lightli_sewer_entry_pipes
D:4:      layout_loops_ring, nicolae_ossuary_entry_plus,
          hangedman_abyss_or_decor_stabs
D:5:      layout_cave_pools, lemuel_round_altar, minmay_temple_entry_steel_oval,
          hangedman_decor_growths, grunt_decor_cap, chequers_mini_garden
D:6:      layout_basic, minivault_10, minmay_alternating_orb, uniq_sigmund
D:7:      layout_basic, the_bakery, minmay_parallelograms
D:8:      layout_loops_ring, lightli_temple_of_fire, fedhas_altar_1,
          grunt_ministairs_8
D:9:      layout_basic, lemuel_crystal_altar, david_lair_generic,
          chequers_avenue
D:10:     layout_long_grid
D:11:     layout_long_grid, serial_shops, bzr_entry_safe
D:12:     layout_loops_ring, erik_orc_1, serial_shops, kennysheep_mini,
          kennysheep_generic_room_5
Temple:   dpeg_chambers_temple

Skill      XL: |  1  2  3  4  5  6  7  8  9 10 11 |
---------------+----------------------------------+-----
Invocations    | 1 2 3 4 5 6 7 |  7.2
Short Blades   | 1 2 3 4 5 6 |  6.6
Long Blades    | 1 2 3 4 5 6 |  6.6
Axes           | 1 2 3 4 5 6 |  6.6
Maces & Flails | 1 2 3 4 5 6 |  6.6
Polearms       | 1 2 3 4 5 6 |  6.6
Staves         | 1 2 3 4 5 6 |  6.6
Slings         | 1 2 3 4 5 6 |  6.6
Bows           | 1 2 3 4 5 6 |  6.6
Crossbows      | 1 2 3 4 5 6 |  6.6
Shields        | 1 2 3 4 5 6 |  6.6
Unarmed Combat | 1 2 3 4 5 6 |  6.6
Spellcasting   | 1 2 3 4 5 6 |  6.6
Conjurations   | 1 2 3 4 5 |  5.4
Hexes          | 1 2 3 4 5 |  5.4
Charms         | 1 2 3 4 5 |  5.4
Summonings     | 1 2 3 4 5 |  5.4
Necromancy     | 1 2 3 4 5 |  5.4
Translocations | 1 2 3 4 5 |  5.4
Transmutations | 1 2 3 4 5 |  5.4
Fire Magic     | 1 2 3 4 5 |  5.4
Ice Magic      | 1 2 3 4 5 |  5.4
Air Magic      | 1 2 3 4 5 |  5.4
Earth Magic    | 1 2 3 4 5 |  5.4
Poison Magic   | 1 2 3 4 5 |  5.4
Throwing       | 3 4 5 6 7 |  7.1
Dodging        | 3 4 5 0 |  0.0
Evocations     | 3 4 5 6 0 |  0.0
Stealth        | 3 4 5 6 7 |  7.0
Fighting       | 5 6 7 8 |  8.1
Armour         | 9 10 | 10.7

Action                   |  1- 3 |  4- 6 |  7- 9 | 10-12 || total
-------------------------+-------+-------+-------+-------++-------
Melee: Spear             |    79 |   404 |  1286 |       ||  1769
       Bite              |     7 |    47 |   160 |    92 ||   306
       Punch             |       |     2 |     9 |       ||    11
       War axe           |       |       |    10 |   478 ||   488
       Broad axe         |       |       |       |    85 ||    85
       Whip              |       |       |       |    52 ||    52
       Flail             |       |       |       |    34 ||    34
 Fire: Hand crossbow     |       |       |    20 |    16 ||    36
Invok: Sacrifice Health  |       |       |     1 |       ||     1
       Sacrifice Nimblen |       |       |       |     1 ||     1
       Sacrifice Artific |       |       |       |     1 ||     1
Evoke: Wand              |       |       |     1 |     9 ||    10
  Use: Scroll            |     1 |     7 |     8 |     9 ||    25
       Potion            |       |     3 |     8 |     2 ||    13
 Stab: Sleeping          |       |       |     2 |     2 ||     4
       Distracted        |       |       |     2 |     4 ||     6
       Invisible         |       |       |     1 |     4 ||     5
       Paralysed         |       |       |       |     3 ||     3
  Eat: Ration            |       |     1 |     3 |     1 ||     5
       Chunk             |       |     4 |    10 |    21 ||    35
Armor: Scale mail        |    46 |   133 |   537 |   294 ||  1010
       Skin              |       |       |    34 |       ||    34
Dodge: Dodged            |    49 |   141 |   684 |   252 ||  1126
Block: Buckler           |       |       |   221 |   271 ||   492
       Reflection        |       |       |     6 |     7 ||    13
